 Dungeon Crawl Stone Soup version 0.27-a0-1196-g3e9cee4cb2 (webtiles) character file.

Game seed: 1591939533824278126

1389 Delamore the Basher (level 8, -3/49 HPs)
             Began as a Gargoyle Fighter on May 29, 2021.
             Was a Follower of Okawaru.
             Slain by a freezing wraith (12 damage)
             ... on level 9 of the Dungeon.
             The game lasted 00:08:28 (7548 turns).

Delamore the Basher (Gargoyle Fighter)              Turns: 7548, Time: 00:08:29

Health: -3/49      AC: 17    Str: 22    XL:     8   Next: 68%
Magic:  10/10      EV:  7    Int:  9    God:    Okawaru [*.....]
Gold:   611        SH:  9    Dex:  9    Spells: 7/7 levels left

rFire    . . .     SeeInvis .   F - +2 flail (protect)
rCold    . . .     Faith    .   c - +0 kite shield
rNeg     + . .     Spirit   .   b - +0 scale mail
rPois    ∞         Reflect  .   (no helmet)
rElec    +         Harm     .   H - +0 cloak
rCorr    +         Rampage  .   (no gloves)
Will     .....                  (no boots)
Stlth    ..........             r - amulet of regeneration
HPRegen  1.16/turn              h - +4 ring of protection
MPRegen  0.12/turn              k - ring of resist corrosion

@: slowed, very slow
A: sickness immunity, AC +5, negative energy resistance 1, electricity
resistance, torment resistance 1, petrification resistance
a: Renounce Religion, Heroism


You were on level 9 of the Dungeon.
You worshipped Okawaru.
Okawaru was aware of your devotion.
You visited 2 branches of the dungeon, and saw 8 of its levels.
You also visited: Sewer and Ossuary.

You collected 611 gold pieces.

Inventory:

Hand Weapons
 a - a +0 flail
 g - a +0 whip
 F - a +2 flail of protection (weapon)
Armour
 b - a +0 scale mail (worn)
 c - a +0 kite shield (worn)
 H - a +0 cloak (worn)
Jewellery
 h - a +4 ring of protection (left hand)
 k - a ring of resist corrosion (right hand)
 n - a ring of protection from cold
 r - an amulet of regeneration (around neck)
 u - a ring of poison resistance
Wands
 m - a wand of iceblast (10)
 D - a wand of acid (11)
 M - a wand of flame (18)
Scrolls
 e - a scroll of enchant weapon
 j - a scroll of noise
 l - a scroll of holy word
 o - 2 scrolls of fear
 t - a scroll of fog
 v - 2 scrolls of enchant armour
 w - 4 scrolls of teleportation
 x - 3 scrolls of immolation
 y - a scroll of blinking
 z - 2 scrolls of magic mapping
 E - a scroll of silence
 I - a scroll of vulnerability {unknown}
 J - 2 scrolls of identify
Potions
 d - 3 potions of might
 f - 2 potions of invisibility
 i - 3 potions of curing
 p - 3 potions of haste {unknown}
 q - a potion of resistance {unknown}
 s - 4 potions of attraction
 A - 4 potions of heal wounds {unknown}
 B - 2 potions of lignification {unknown}
 C - 2 potions of flight
 G - a potion of degeneration {unknown}
 K - a potion of ambrosia {unknown}
 L - a potion of mutation {unknown}


   Skills:
 - Level 5.0 Fighting
 * Level 9.5 Maces & Flails
 - Level 3.2 Armour
 - Level 3.2 Shields
 - Level 3.0 Invocations


You had 7 spell levels left.
You didn't know any spells.
Your spell library was empty.

Dungeon Overview and Level Annotations

Branches:
Dungeon (6/15)             Temple (1/1) D:5           Sewer (visited)
Ossuary (visited)

Altars:
Ashenzari
Dithmenos
Fedhas
Gozag
Hepliaklqana
Nemelex Xobeh
Okawaru
Ru
Sif Muna
Uskayaw
Xom
Zin
The Shining One

Shops:
D:1 =

Annotations:
D:4 3 runed translucent doors, MatrixGlitch's ghost, amateur DEWz


Innate Abilities, Weirdness & Mutations

You are immune to sickness and miasma.
Your stone body is resilient. (AC +5)
You are immune to poison.
You resist negative energy. (rN+)
You are resistant to electric shocks. (rElec)
You are resistant to unholy torment.
You are immune to petrification.


Message History

You bludgeon the bullfrog!!
You kill the bullfrog!
Okawaru accepts your kill.
Training target 3.0 for Invocations reached!
Your Invocations skill increases to level 3!
You hit the freezing wraith but do no damage.
A two-headed ogre comes into view.
It is wielding a +0 giant spiked club and a +0 giant club.
The freezing wraith hits you but does no damage. x2
The two-headed ogre shouts in stereo!
You hit the freezing wraith but do no damage.
You hear an angry buzzing noise. x2
The freezing wraith hits you but does no damage. x2
You hit the freezing wraith but do no damage.
A vampire mosquito comes into view.
You block the freezing wraith's attack. The freezing wraith hits you.
The freezing wraith drains your vigour!
You feel yourself slow down.
The vampire mosquito moves out of view.
You closely miss the freezing wraith.
The freezing wraith completely misses you.
The freezing wraith hits you but does no damage. x3
You barely miss the freezing wraith. You block the freezing wraith's attack.
The freezing wraith hits you!
The two-headed ogre completely misses you.
The two-headed ogre hits you with a +0 giant club.
The freezing wraith hits you but does no damage. x2
You barely miss the freezing wraith.
The two-headed ogre hits you with a +0 giant spiked club!
The two-headed ogre hits you with a +0 giant club!!
* * * LOW HITPOINT WARNING * * *
The freezing wraith closely misses you. The freezing wraith hits you.
* * * LOW HITPOINT WARNING * * *
You are too injured to fight recklessly!
You block the two-headed ogre's attack.
The two-headed ogre hits you but does no damage.
The freezing wraith completely misses you.
The freezing wraith hits you but does no damage.
The freezing wraith hits you.
* * * LOW HITPOINT WARNING * * *
The freezing wraith freezes you!
You die...

########## ######
#....(...# #....# ###
#........# #.... ....
#.)......####..####..
#........'.##..#....
#........#..@W.#..#
#....)...#####O#.#
#........# #...#
#...>....# #...#
#........# #.#.#
#........# #.#..
##'####### #.#... #.#
#$####. #.# #.. ..


You could see a two-headed ogre and a freezing wraith.

Vanquished Creatures
  A kobold brigand (D:6)
  2 elf zombies (D:6)
  2 scorpions
  2 bullfrogs
  A water moccasin skeleton (D:5)
  5 killer bees (D:9)
  A human zombie (D:6)
  2 orc priests
  Jessica (D:3)
  3 iguanas
  8 mummies (Ossuary)
  8 adders
  14 gnolls
  2 river rats (D:4)
  A shadow imp (D:6)
  4 worms
  2 dart slugs
  7 orcs
  9 endoplasms
  4 giant cockroaches
  A gnoll zombie (Ossuary)
  8 goblins
  7 hobgoblins
  16 jackals
  2 quokkas (D:1)
  13 ball pythons
  4 bats
  7 frilled lizards
  2 hobgoblin zombies (Ossuary)
  15 kobolds
  2 kobold zombies (Ossuary)
  3 orc zombies (Ossuary)
  8 rats
167 creatures vanquished.

Vanquished Creatures (others)
  3 plants (Sewer)
3 creatures vanquished.

Grand Total: 170 creatures vanquished

Notes
Turn   | Place    | Note
-------+----------+-------------------------------------------
     0 | D:1      | Delamore the Gargoyle Fighter began the quest for the Orb.
     0 | D:1      | Reached XP level 1. HP: 14/14 MP: 1/1
   414 | D:1      | Reached XP level 2. HP: 19/19 MP: 2/2
   580 | D:1      | Reached skill level 3 in Maces & Flails
   582 | D:1      | Reached XP level 3. HP: 20/24 MP: 3/3
  1048 | D:1      | Found Xaliyt's Jewellery Emporium.
  1556 | D:2      | Reached XP level 4. HP: 29/29 MP: 4/4
  1874 | D:2      | Found an opulent altar of Gozag.
  2139 | D:2      | Reached skill level 4 in Maces & Flails
  2719 | D:3      | Found a shimmering blue altar of Sif Muna.
  2751 | D:3      | Found a shimmering altar of Xom.
  2841 | D:3      | Noticed Jessica
  2852 | D:3      | Killed Jessica
  2853 | D:3      | Reached XP level 5. HP: 32/34 MP: 5/5
  3407 | D:3      | Reached skill level 5 in Maces & Flails
  3508 | D:4      | Reached XP level 6. HP: 40/40 MP: 6/6
  3605 | D:4      | Found a runed translucent gate.
  3605 | D:4      | Found a runed translucent gate.
  3607 | D:4      | Found a runed translucent gate.
  3610 | D:4      | Noticed MatrixGlitch's ghost (amateur DEWz)
  3892 | D:4      | Reached skill level 5 in Fighting
  3988 | D:4      | Found a glowing drain.
  3995 | Sewer    | Entered a sewer
  4840 | D:4      | Identified the +1 quarterstaff "Losa" {flame, Int+2}
  5155 | D:4      | Reached skill level 6 in Maces & Flails
  5190 | D:4      | Reached XP level 7. HP: 32/44 MP: 7/7
  5515 | D:5      | Entered Level 5 of the Dungeon
  5869 | D:5      | Found a staircase to the Ecumenical Temple.
  5882 | Temple   | Entered the Ecumenical Temple
  5959 | Temple   | Became a worshipper of Warmaster Okawaru
  6208 | D:5      | Reached skill level 7 in Maces & Flails
  7000 | D:6      | Found a hide-covered altar of Uskayaw.
  7044 | D:6      | Reached skill level 8 in Maces & Flails
  7076 | D:6      | Reached * piety under Okawaru
  7077 | D:6      | Reached XP level 8. HP: 49/49 MP: 8/8
  7077 | D:6      | Found a sand-covered staircase.
  7096 | Ossuary  | Entered an ossuary
  7162 | Ossuary  | Reached skill level 1 in Invocations
  7432 | D:6      | Reached skill level 9 in Maces & Flails
  7449 | D:6      | You fall into a shaft and drop 3 floors!
  7534 | D:9      | Noticed a freezing wraith
  7540 | D:9      | Noticed a two-headed ogre
  7548 | D:9      | Slain by a freezing wraith

Illustrated notes

Levels and vault maps discovered:
D:1:      giann_bridges, layout_basic, serial_shops, shop, minmay_ruptured
D:2:      minmay_spotlight, layout_basic, basic_altar
D:3:      layout_basic, nicolae_sif_muna_condensation, xom_teletrap_fun,
          uniq_jessica
D:4:      layout_basic, lightli_sewer_entry_pipes, gammafunk_ghost_necromancy,
          chequers_serial_rivers_room_b
D:5:      layout_layer_cave, minmay_temple_entry_mist
D:6:      layout_rooms, lemuel_tele_altar, nicolae_ossuary_entry_catacombs
D:9:      layout_roguey, minivault_20, minmay_stone_trees_medium
Temple:   dpeg_five_rooms_temple

Skill      XL: |  1  2  3  4  5  6  7  8 |
---------------+-------------------------+-----
Maces & Flails | 3 4 5 6 8 9 |  9.5
Fighting       | 4 5 |  5.0
Invocations    | 3 |  3.0
Armour         | |  3.2
Shields        | |  3.2

Action                   |  1- 3 |  4- 6 |  7- 9 || total
-------------------------+-------+-------+-------++-------
Melee: Flail             |   106 |       |   192 ||   298
       Whip              |    24 |   638 |   161 ||   823
  Use: Scroll            |     5 |     6 |     4 ||    15
       Potion            |       |     1 |       ||     1
Armor: Scale mail        |    66 |   275 |   219 ||   560
Dodge: Dodged            |    49 |   170 |    94 ||   313
Block: Kite shield       |    70 |   265 |   168 ||   503

Table legend: (Time is in decaauts)
 A = Elapsed time spent in this place.
 B = Non-inter-level travel time spent in this place.
 C = Inter-level travel time spent in this place.
 D = Time resting spent in this place.
 E = Time spent auto-exploring this place.
 F = Levels seen in this place.
 G = Mean time per level.
                   A        B        C        D        E       F      G
               +--------+--------+--------+--------+--------+-----+--------+
         Total |   7892 |   7602 |    290 |    276 |   5194 |  10 |  789.2 |
       Dungeon |   6598 |   6362 |    236 |    176 |   4496 |   7 |  942.6 |
        Temple |    128 |     74 |     54 |      0 |     72 |   1 |  128.0 |
         Sewer |    953 |    953 |      0 |    100 |    517 |   1 |  953.0 |
       Ossuary |    212 |    212 |      0 |      0 |    109 |   1 |  212.0 |
               +--------+--------+--------+--------+--------+-----+--------+

Top non-repeatable levels by time:
     D:2: 1449 daAuts
     D:5: 1357 daAuts
     D:4: 1317 daAuts
     D:1: 1306 daAuts
   Sewer: 953 daAuts
     D:3: 790 daAuts
     D:6: 269 daAuts
 Ossuary: 212 daAuts
  Temple: 128 daAuts
     D:9: 107 daAuts
